 Dungeon Crawl Stone Soup version 0.31.0-9-g3a7656b989 (webtiles) character file.

Game seed: 12819783486891095799

369657 Axelsxxd the Warrior (level 21, -1/177 HPs)
             Began as a Demonspawn Artificer on Jan 31, 2024.
             Was a High Priest of Okawaru.
             Killed from afar by a frost giant (24 damage)
             ... with a bolt of cold
             ... on level 3 of the Depths.
             The game lasted 01:56:09 (47424 turns).

Axelsxxd the Warrior (Demonspawn Artificer)        Turns: 47424, Time: 01:56:09

Health: -1/177     AC: 57    Str: 28    XL:     21   Next: 66%
Magic:  30/30      EV:  9    Int: 13    God:    Okawaru [*****.]
Gold:   673        SH: 22    Dex: 16    Spells: 20/20 levels left

rFire   + + +        v - +7 morningstar "Cicyukk" {flame, rF++ rN+}
rCold   . . .        V - +0 tower shield
rNeg    + . .        Z - +14 crystal plate armour of the Lonely Wonders {Dex+2}
rPois   +            (helmet unavailable)
rElec   .            h - scarf {repulsion}
rCorr   .            B - +2 pair of gloves {hurl}
SInv    .            t - +0 pair of boots
Will    +++..        R - amulet of Foicikke {Acrobat ^Fragile rPois rF+++ Stlth+} Stlth
                     U - +6 ring of strength
HPRegen 0.49/turn    C - +4 ring of slaying
MPRegen 0.22/turn

%: repel missiles, acrobat, clarity
@: heroic, sanguine armoured
A: horns 3, (demonic guardian 2), powered by death 3, sanguine armour 2, demonic
willpower, clarity, strong-willed 1, screaming 1
}: 2/15 runes: decaying, gossamer
a: Renounce Religion, Heroism, Finesse, Duel


You were on level 3 of the Depths.
You worshipped Okawaru.
Okawaru was extremely pleased with you.
You visited 8 branches of the dungeon, and saw 41 of its levels.
You visited the Abyss 1 time.
You also visited: Sewer, Bailey and Gauntlet.

You collected 3412 gold pieces.
You spent 2739 gold pieces at shops.

Inventory:

Hand Weapons
 v - the +7 morningstar "Cicyukk" (weapon) {flame, rF++ rN+}
   (You acquired it on level 7 of the Dungeon)

   rF++:      It greatly protects you from fire.
   rN+:       It protects you from negative energy.
 P - a +6 war axe of flaming
Missiles
 a - 11 silver javelins
 q - 3 javelins (quivered)
 Q - 3 throwing nets
Armour
 h - a scarf of repulsion (worn)
 t - a +0 pair of boots (worn)
 B - a +2 pair of gloves of hurling (worn)
 V - a +0 tower shield (worn)
 Z - the +14 crystal plate armour of the Lonely Wonders (worn) {Dex+2}
   (Okawaru gifted it to you on level 5 of the Lair of Beasts)

   Dex+2:     It affects your dexterity (+2).
Jewellery
 C - a +4 ring of slaying (right hand)
 H - a ring of willpower
 I - a ring of resist corrosion
 O - a ring of protection from cold
 R - the amulet of Foicikke (around neck) {Acrobat ^Fragile rPois rF+++ Stlth+}
   (You found it in a Gauntlet)

   [amulet of the acrobat]

   Acrobat:   It increases your evasion while moving and waiting.
   rF+++:     It renders you almost immune to fire.
   rPois:     It protects you from poison ^Fragile: It will be destroyed if
   unequipped.
   Stlth+:    It makes you more stealthy.
 U - a +6 ring of strength (left hand)
Wands
 c - a wand of flame (83)
 e - a wand of iceblast (55)
 A - a wand of light (12)
 W - a wand of mindburst (25)
 Y - a wand of digging (11)
Scrolls
 b - 7 scrolls of revelation
 k - a scroll of blinking
 n - 4 scrolls of butterflies
 o - 18 scrolls of teleportation
 r - 6 scrolls of silence
 u - 4 scrolls of fog
 w - 5 scrolls of vulnerability
 y - a scroll of amnesia
 E - 3 scrolls of enchant armour
 F - 6 scrolls of fear
 N - 4 scrolls of immolation
 X - 3 scrolls of enchant weapon
Potions
 g - 7 potions of haste
 i - 8 potions of mutation
 j - 2 potions of lignification
 l - 12 potions of curing
 p - a potion of heal wounds
 s - 3 potions of might
 x - 3 potions of berserk rage
 z - 6 potions of ambrosia
 G - 6 potions of brilliance
 J - 5 potions of enlightenment
 K - 2 potions of magic
 L - 7 potions of cancellation
 M - 5 potions of resistance
 T - 3 potions of invisibility
Miscellaneous
 f - a condenser vane
 D - a phial of floods


   Skills:
 - Level 18.0(23.0) Fighting
 - Level 3.1(15.8) Axes
 - Level 15.8(21.0) Maces & Flails
 + Level 10.6(15.6) Throwing
 + Level 17.9(22.9) Armour
 - Level 1.0(6.0) Dodging
 - Level 0.8(5.8) Stealth
 - Level 16.0(21.0) Shields
 - Level 13.0 Invocations
 - Level 15.0 Evocations


You had 20 spell levels left.
You didn't know any spells.
Your spell library contained the following spells:

 Spells                   Type           Power      Damage    Failure   Level
 Freeze                   Ice            0%         1d3       99%         1
 Sting                    Conj/Alch      0%         1d3       99%         1
 Blink                    Tloc           0%         N/A       99%         2
 Ensorcelled Hibernation  Hex/Ice        0%         N/A       99%         2
 Lesser Beckoning         Tloc           0%         N/A       99%         2
 Mercury Vapours          Alch/Air       0%         N/A       99%         2
 Momentum Strike          Conj/Tloc      0%         3d8       99%         2
 Frozen Ramparts          Ice            0%         1d1       100%        3
 Fugue of the Fallen      Necr           0%         N/A       100%        3
 Hailstorm                Conj/Ice       0%         3d5       100%        3
 Inner Flame              Hex/Fire       0%         N/A       100%        3
 Passwall                 Erth           0%         N/A       100%        3
 Swiftness                Air            0%         N/A       100%        3
 Volatile Blastmotes      Fire/Tloc      0%         2d10      100%        3
 Anguish                  Hex/Necr       0%         N/A       100%        4
 Brom's Barrelling Bould  Conj/Erth      0%         2d3       100%        4
 Fulminant Prism          Conj/Alch      0%         3d5       100%        4
 Iskenderun's Mystic Bla  Conj/Tloc      0%         2d3       100%        4
 Leda's Liquefaction      Alch/Erth      0%         N/A       100%        4
 Manifold Assault         Tloc           0%         N/A       100%        4
 Olgreb's Toxic Radiance  Alch           0%         N/A       100%        4
 Passage of Golubria      Tloc           0%         N/A       100%        4
 Petrify                  Alch/Erth      0%         N/A       100%        4
 Vhi's Electric Charge    Tloc/Air       0%         N/A       100%        4
 Arcjolt                  Conj/Air       0%         1d10      100%        5
 Fireball                 Conj/Fire      0%         3d3       100%        5
 Irradiate                Conj/Alch      0%         3d11      100%        5
 Iskenderun's Battlesphe  Conj           0%         2d6       100%        5
 Lee's Rapid Deconstruct  Erth           0%         3d4*      100%        5
 Metabolic Englaciation   Hex/Ice        0%         N/A       100%        5
 Silence                  Hex/Air        0%         N/A       100%        5
 Bombard                  Conj/Erth      0%         9d1       100%        6
 Conjure Ball Lightning   Conj/Air       0%         3x3d6     100%        6
 Dispersal                Tloc           0%         N/A       100%        6
 Plasma Beam              Fire/Air       0%         2x1d10    100%        6
 Orb of Destruction       Conj           0%         9d5       100%        7
 Disjunction              Tloc           0%         N/A       100%        8
 Ignition                 Fire           0%         3d3       100%        8
 Lehudib's Crystal Spear  Conj/Erth      0%         10d2      100%        8


Dungeon Overview and Level Annotations

Branches:
Dungeon (15/15)            Temple (0/1) D:5            Lair (5/5) D:11
  Swamp (4/4) Lair:3       Spider (4/4) Lair:2        Slime (2/5) Lair:5
    Orc (2/2) D:12            Elf (0/3) Orc:2        Vaults (5/5) D:14
  Crypt (0/3) Vaults:3     Depths (4/4) D:15          Sewer (visited)
 Bailey (visited)         Gauntlet (visited)
    Zot: Depths:4

Altars:
Ashenzari
Cheibriados
Fedhas
Gozag
Kikubaaqudgha
Makhleb
Nemelex Xobeh
Okawaru
Vehumet
Jiyva

Shops:
D:4 *   D:7 (   D:9 ***=?*   Orc:1 *(   Orc:2 :*[(   Vaults:1 :   Vaults:3 *(*=
Vaults:4 (   Depths:1 (?=(*[:   Depths:2 =:=

Portals:
Hell: Depths:1 Depths:2
Abyss: Depths:1 Depths:2 Depths:3
Pandemonium: Depths:2

Annotations:
D:3 2 transporters, Malachi's ghost, amateur MfSh
D:5 2 transporters, CapUranus's ghost, novice GrFi
Swamp:4 Roxanne
Depths:1 exclusion: orange crystal statue
Depths:2 3 runed translucent doors, Nicoed's ghost, adept GrFi
Depths:3 Grunn


Innate Abilities, Weirdness & Mutations

You have a pair of large horns on your head.
((A demonic guardian rushes to your aid.))
You regenerate a lot of health from kills.
When seriously injured, your blood forms thick armour. (AC +9)
You punish those that try to bend your will. (Will+)
You possess an exceptional clarity of mind.
You are strong-willed. (Will+)
You occasionally shout uncontrollably at your foes.


Message History

The frost giant casts a spell at you.
The bolt of cold hits you but does no damage.
You pound the frost giant like an anvil!!!
You burn the frost giant.
You kill the frost giant!
Okawaru accepts your kill.
A lich comes into view.
The lich shouts!
The frost giant hits you but does no damage.
The lich launches a ball of destructive magic.
An orb of destruction comes into view.
Items here: $ )) [[ †.
You hit the frost giant but do no damage.
You headbutt the frost giant.
The frost giant is lightly wounded.
The frost giant points at you and mumbles some strange words.
The bolt of cold hits you!!
A glowing orange brain comes into view.
You yell at the glowing orange brain!
A shadow dragon comes into view.
You yell at the shadow dragon!
The lich gestures wildly while chanting.
The lich flickers and vanishes!
Deactivating autopickup; reactivate with Ctrl-A.
You hear a shout!
Unknown command.
The frost giant casts a spell at you. The bolt of cold hits you!!
* * * LOW HITPOINT WARNING * * *
Unknown command.
Unknown command.
Unknown command.
Unknown command.
Unknown command.
You bludgeon the frost giant!! You burn the frost giant.
You headbutt the frost giant.
The frost giant is moderately wounded.
The frost giant casts a spell at you. The bolt of cold hits you!!
You die...

#.#.## #....# ##.##.##
#..##..# # ##......#
##$..###[# ###....# #)##
# ##..#####......###).#
..#
#......C@...........##...
#.#.##.###.G....##..(##..
#. #.##...##...D###
..###.##.#...(.....#
..*..............(...
..{.....##..##..#.....
..............#..#.....
###D###.......##..#.....
#......i#####.....


You could see a frost giant and a glowing orange brain.

Vanquished Creatures
  Mennas (Vaults:2)
  Bai Suzhen (Vaults:2)
  Jory (Vaults:2)
  A tentacled monstrosity (Depths:3)
  A Tzitzimitl (Depths:3)
  Rupert (D:15)
  2 liches
  Asterion (Spider:4)
  2 acid blobs
  3 sphinxes
  The ghost of Piask the Bludgeoner, an adept FoAK of Lugonu (Swamp:4)
  A storm dragon (Vaults:3)
  A thorn hunter (Swamp:3)
  A shadow dragon (Depths:3)
  A revenant (Vaults:3)
  2 tengu reavers
  A fenstrider witch (Swamp:1)
  5 fire giants
  An azure jelly (Slime:1)
  5 frost giants
  2 rockslimes (Slime:1)
  15 vault wardens
  5 emperor scorpions
  A balrug (Depths:2)
  Louise (Spider:2)
  5 ghost moths (Spider:4)
  2 orc warlords
  The ghost of Yheicuty the Eclecticist, an adept DjCj of Hepliaklqana (Orc:1)
  A deep elf sorcerer (Depths:1)
  4 spriggan defenders
  3 ghouls (Swamp:3)
  14 stone giants
  6 broodmothers
  5 very ugly things (Depths:2)
  A quicksilver ooze (Slime:1)
  15 ironbound preservers
  12 formless jellyfish
  7 ironbound thunderhulks
  A vampire knight (Depths:2)
  6 spark wasps
  A putrid mouth (Depths:3)
  A minotaur (Gauntlet)
  A war gargoyle (Vaults:2)
  4 dire elephants
  3 eleionomae
  3 bunyips (Swamp:1)
  5 ettins
  An entropy weaver (shapeshifter) (D:13)
  7 fire dragons
  A deep elf high priest (Vaults:2)
  A shambling mangrove (Swamp:1)
  10 entropy weavers
  Harold (D:10)
  A rakshasa (Depths:1)
  9 yaktaur captains
  16 hydras
  5 ice dragons
  4 great orbs of eyes
  11 alligators
  A peacekeeper (Vaults:2)
  2 ghost crabs
  5 vault guards
  A catoblepas (Lair:5)
  3 radroaches
  A jorogumo (Spider:4)
  4 two-headed ogres
  19 centaur warriors
  2 spriggan air magi (Depths:2)
  A two-headed ogre (shapeshifter) (Vaults:3)
  4 boulder beetles
  11 ironbound frosthearts
  4 tengu warriors
  4 death yaks (Lair:5)
  3 deep troll earth magi
  A sphinx skeleton (D:15)
  Urug (Orc:2)
  A deep troll shaman (Depths:1)
  An orc high priest (Orc:2)
  4 vampire magi
  4 spriggan berserkers
  3 occultists
  Sonja (D:11)
  A hell knight (Vaults:4)
  A sun demon (Depths:2)
  3 demonic crawlers (Spider:2)
  A fire crab (Gauntlet)
  3 goliath frogs
  7 skeletal warriors
  3 spriggan druids
  6 pharaoh ants
  An iron troll (D:15)
  A spark wasp zombie (D:15)
  29 deep trolls
  2 glowing orange brains (Depths:1)
  A deep troll (shapeshifter) (Depths:3)
  A flayed ghost (Vaults:4)
  6 orb spiders
  6 steelbarb worms
  11 swamp dragons
  A phantasmal warrior (Vaults:3)
  10 arcanists
  5 bog bodies
  17 lindwurms
  A deep elf zephyrmancer (D:14)
  12 ironbound convokers
  2 harpies
  18 wolf spiders
  7 orc knights
  4 deep elf pyromancers
  35 ugly things
  A necromancer (D:15)
  A salamander (Swamp:4)
  2 shining eyes
  10 will-o-the-wisps
  An oklob plant (Lair:1)
  2 orc sorcerers (Orc:2)
  8 cyclopes
  2 manticores (D:13)
  7 meliai
  30 elephants
  11 black mambas
  7 kobold blastminers
  A smoke demon (Depths:2)
  5 moths of wrath
  4 torpor snails
  11 vault sentinels
  3 molten gargoyles (Lair:5)
  2 gargoyles
  13 cane toads
  11 komodo dragons
  3 rime drakes
  26 yaktaurs
  2 kobold demonologists
  5 tengu conjurers
  3 tormentors (Depths:3)
  9 trolls
  A bloated husk (Swamp:3)
  10 tyrant leeches
  5 polar bears (Lair:5)
  Prince Ribbit (D:5)
  25 blink frogs
  Grinder (D:6)
  9 hornets
  A spectral dream sheep (Lair:3)
  19 tarantellas
  A spectral elephant (Lair:3)
  A spectral lindwurm (Lair:3)
  45 slime creatures
  3 glass eyes
  A spectral black mamba (Lair:3)
  A centaur simulacrum (D:14)
  11 spriggans
  29 jumping spiders
  25 culicivoras
  4 water elementals
  A vampire (D:13)
  3 wraiths
  43 yaks
  7 wyverns
  10 basilisks
  39 redbacks
  8 golden eyes
  8 fire bats
  4 wargs
  5 steam dragons
  8 vampire mosquitoes
  19 swamp worms
  3 acid dragons
  14 water moccasins
  7 hell hounds
  7 swamp drakes
  Pargi (Sewer)
  2 ice beasts
  4 black bears
  A sky beast (D:8)
  9 ogres
  29 orc warriors
  7 centaurs
  14 wolves
  A phantom (D:5)
  7 kobold brigands
  Blork the orc (D:5)
  11 bullfrogs
  3 scorpions
  2 brain worms (Sewer)
  11 killer bees
  6 howler monkeys
  2 electric eels
  A bombardier beetle (D:3)
  5 lava snakes (Lair:5)
  2 hounds
  A gnoll bouda (D:9)
  19 orc priests
  A sleepcap (D:7)
  5 iguanas
  23 orc wizards
  4 hell rats (Lair:2)
  5 gnolls
  8 adders
  4 white imps
  2 ufetubi (D:5)
  4 dart slugs
  2 ribbon worms
  73 orcs
  11 ball pythons
  4 bats
  3 endoplasms
  3 giant cockroaches
  10 hobgoblins
  29 kobolds
  2 quokkas (D:1)
  4 frilled lizards
  4 goblins
  7 rats
1407 creatures vanquished.

Vanquished Creatures (collateral kills)
  An endoplasm (D:1)
1 creature vanquished.

Vanquished Creatures (others)
  An ironbound preserver (Vaults:3)
  A war gargoyle (Vaults:4)
  An occultist (Depths:1)
  A deep troll (Vaults:3)
  2 bloated husks
  A swamp drake (Swamp:4)
  64 foxfires
71 creatures vanquished.

Grand Total: 1479 creatures vanquished

Notes
Turn   | Place    | Note
-------+----------+-------------------------------------------
     0 | D:1      | Axelsxxd the Demonspawn Artificer began the quest for the
                  | Orb.
     0 | D:1      | Reached XP level 1. HP: 15/15 MP: 1/1
    17 | D:1      | Reached skill level 2 in Fighting
    17 | D:1      | Gained mutation: When seriously injured, your blood forms
                  | armour. (AC +9) [demonic ancestry]
    17 | D:1      | Reached XP level 2. HP: 22/22 MP: 2/2
   152 | D:1      | Reached skill level 1 in Dodging
   332 | D:1      | Reached XP level 3. HP: 28/28 MP: 3/3
   502 | D:1      | Reached skill level 1 in Shields
   737 | D:2      | Found a faded altar of an unknown god.
   993 | D:2      | Reached skill level 1 in Maces & Flails
  1549 | D:3      | Found an iron altar of Okawaru.
  1557 | D:3      | Became a worshipper of Warmaster Okawaru
  1576 | D:3      | Gained mutation: You have a pair of small horns on your
                  | head. [demonic ancestry]
  1576 | D:3      | Reached XP level 4. HP: 34/34 MP: 4/4
  1800 | D:3      | Found a transporter.
  1803 | D:3      | Noticed Malachi's ghost (amateur MfSh)
  1837 | D:3      | Found a transporter.
  1907 | D:3      | Reached skill level 3 in Fighting
  2387 | D:4      | Noticed a scorpion
  2400 | D:4      | Killed a scorpion
  2401 | D:4      | Reached XP level 5. HP: 31/41 MP: 5/5
  2700 | D:4      | Reached * piety under Okawaru
  2846 | D:4      | Reached XP level 6. HP: 47/47 MP: 6/6
  3152 | D:4      | Found Jabes's Mayhem Merchandise.
  3470 | D:5      | Entered Level 5 of the Dungeon
  3599 | D:5      | Found a glowing drain.
  3615 | Sewer    | Entered a sewer
  3618 | Sewer    | Reached skill level 1 in Invocations
  3718 | Sewer    | Reached XP level 7. HP: 42/52 MP: 6/8
  3843 | Sewer    | Noticed Pargi
  3853 | Sewer    | Killed Pargi
  3854 | Sewer    | Reached skill level 5 in Maces & Flails
  3959 | D:5      | Found a staircase to the Ecumenical Temple.
  4170 | D:5      | Reached ** piety under Okawaru
  4176 | D:5      | Noticed Blork the orc
  4190 | D:5      | Killed Blork the orc
  4332 | D:5      | Noticed Prince Ribbit
  4351 | D:5      | Killed Prince Ribbit
  4352 | D:5      | Reached XP level 8. HP: 60/60 MP: 8/10
  4403 | D:5      | Found a transporter.
  4406 | D:5      | Noticed CapUranus's ghost (novice GrFi)
  4420 | D:5      | Found a transporter.
  4733 | D:6      | Reached skill level 4 in Fighting
  5119 | D:6      | Reached skill level 5 in Evocations
  5126 | D:6      | Reached skill level 5 in Invocations
  5137 | D:6      | Reached skill level 5 in Fighting
  5148 | D:6      | Gained mutation: You regenerate a little health from kills.
                  | [demonic ancestry]
  5148 | D:6      | Reached XP level 9. HP: 15/68 MP: 12/12
  5401 | D:6      | Reached *** piety under Okawaru
  5462 | D:6      | Noticed Grinder
  5492 | D:6      | Paralysed by Grinder for 5 turns
  5504 | D:6      | Killed Grinder
  5925 | D:7      | Found a flagged portal.
  5931 | D:7      | Found Alleunn's Weapon Boutique.
  5955 | Bailey   | Entered a bailey
  6123 | Bailey   | Reached skill level 5 in Armour
  6160 | Bailey   | Reached skill level 6 in Fighting
  6160 | Bailey   | Reached skill level 1 in Axes
  6356 | Bailey   | Noticed a two-headed ogre
  6363 | Bailey   | Killed a two-headed ogre
  6363 | Bailey   | Reached **** piety under Okawaru
  6364 | Bailey   | Reached XP level 10. HP: 60/76 MP: 11/14
  6903 | D:7      | Reached skill level 5 in Shields
  7269 | D:7      | Identified 2 scrolls of acquirement
  7269 | D:7      | Acquired the +7 morningstar "Cicyukk" {flame, rF++ rN+}
  7272 | D:7      | Acquired a manual of Shields
  7841 | D:8      | Found a broken altar of Ashenzari.
  8444 | D:9      | Found Pyaxorph's Jewellery Emporium.
  8508 | D:9      | Found Sadamm Ofru's Assorted Antiques.
  8517 | D:9      | Bought a scroll of identify for 56 gold pieces
  8517 | D:9      | Bought a white potion for 25 gold pieces
  8517 | D:9      | Bought a brown potion for 25 gold pieces
  8517 | D:9      | Bought a scroll of identify for 56 gold pieces
  8547 | D:9      | Found a snail-covered altar of Cheibriados.
  8749 | D:9      | Found Bulloid's Magic Scroll Boutique.
  8755 | D:9      | Bought a scroll of immolation for 64 gold pieces
  8755 | D:9      | Bought a scroll of teleportation for 48 gold pieces
  8755 | D:9      | Bought a scroll of teleportation for 48 gold pieces
  8755 | D:9      | Bought a scroll of identify for 32 gold pieces
  8755 | D:9      | Bought a scroll of identify for 32 gold pieces
  8818 | D:9      | Found Agaunnam's Assorted Antiques.
  8888 | D:9      | Found Ygusynum's General Store.
  8889 | D:9      | Found Qaexkiol's Specific Store.
  8910 | D:9      | Reached skill level 7 in Fighting
  9150 | D:10     | Entered Level 10 of the Dungeon
  9325 | D:10     | Noticed a two-headed ogre
  9328 | D:10     | Killed a two-headed ogre
  9329 | D:10     | Gained mutation: You regenerate health from kills. [demonic
                  | ancestry]
  9329 | D:10     | Reached XP level 11. HP: 67/84 MP: 12/15
 10077 | D:10     | Noticed Harold
 10086 | D:10     | Killed Harold
 10087 | D:10     | Reached skill level 10 in Shields
 10545 | D:11     | Found a faded altar of an unknown god.
 10610 | D:11     | Found a staircase to the Lair.
 10615 | D:11     | Reached skill level 8 in Fighting
 10750 | D:11     | Reached ***** piety under Okawaru
 10872 | D:11     | Noticed Sonja
 10887 | D:11     | Killed Sonja
 11245 | Lair:1   | Entered Level 1 of the Lair of Beasts
 11262 | Lair:1   | Found a radiant altar of Vehumet.
 11262 | Lair:1   | Noticed an oklob plant
 11412 | Lair:1   | Found a gate leading to a gauntlet.
 11422 | Gauntlet | Entered a Gauntlet
 11422 | Gauntlet | Found a transporter.
 11422 | Gauntlet | Found a transporter.
 11438 | Gauntlet | Found a transporter.
 11440 | Gauntlet | Found a transporter.
 11445 | Gauntlet | Found a transporter.
 11464 | Gauntlet | Found a transporter.
 11472 | Gauntlet | Found a transporter.
 11472 | Gauntlet | Noticed a fire crab
 11474 | Gauntlet | Found a transporter.
 11474 | Gauntlet | Found a transporter.
 11478 | Gauntlet | Found a transporter.
 11483 | Gauntlet | Noticed a lightning spire
 11512 | Gauntlet | Found a transporter.
 11532 | Gauntlet | Found a transporter.
 11565 | Gauntlet | Found a transporter.
 11567 | Gauntlet | Noticed a fire crab
 11579 | Gauntlet | Found a transporter.
 11680 | Gauntlet | Found a transporter.
 11705 | Gauntlet | Found a transporter.
 11861 | Gauntlet | Identified the amulet of Foicikke {Acrobat ^Fragile rPois
                  | rF+++ Stlth+}
 11889 | Gauntlet | Reached skill level 10 in Maces & Flails
 11999 | Gauntlet | Gained mutation: You regenerate a lot of health from kills.
                  | [demonic ancestry]
 11999 | Gauntlet | Reached XP level 12. HP: 71/92 MP: 9/16
 12034 | Gauntlet | Identified the +1 short sword of Duty {venom, *Corrode
                  | rPois rC+++ Int-2}
 12087 | Gauntlet | Noticed a minotaur
 12099 | Gauntlet | Killed a minotaur
 12132 | Gauntlet | Identified the +8 battleaxe of Ymups {spect, Dex+5 Stlth+}
 12132 | Gauntlet | Identified the amulet of Yrphup {RegenMP rElec}
 12619 | Lair:1   | Reached skill level 1 in Throwing
 13116 | Lair:1   | Noticed a boulder beetle
 13138 | Lair:1   | Killed a boulder beetle
 13505 | Lair:2   | Noticed a four-headed hydra
 13518 | Lair:2   | Killed a four-headed hydra
 13706 | Lair:2   | Received a gift from Okawaru
 13857 | Lair:2   | Reached skill level 5 in Throwing
 14308 | Lair:2   | Found a hole to the Spider Nest.
 15031 | Lair:3   | Reached XP level 13. HP: 98/98 MP: 17/17
 15181 | Lair:3   | Received a gift from Okawaru
 15396 | Lair:3   | Found a staircase to the Swamp.
 15683 | Lair:4   | Received a gift from Okawaru
 15934 | Lair:4   | Reached skill level 9 in Fighting
 16429 | Lair:5   | Entered Level 5 of the Lair of Beasts
 16456 | Lair:5   | Received a gift from Okawaru
 16456 | Lair:5   | Reached ****** piety under Okawaru
 16458 | Lair:5   | Acquired the +14 crystal plate armour of the Lonely Wonders
                  | {Dex+2}
 16458 | Lair:5   | Received a gift from Okawaru
 16745 | Lair:5   | Found a runed translucent door.
 16747 | Lair:5   | Found a viscous altar of Jiyva.
 16749 | Lair:5   | Found a staircase to the Slime Pits.
 16749 | Lair:5   | Noticed an acid blob
 16822 | Lair:5   | Gained mutation: When seriously injured, your blood forms
                  | thick armour. (AC +9) [demonic ancestry]
 16822 | Lair:5   | Reached XP level 14. HP: 108/108 MP: 20/20
 16857 | Lair:5   | Received a gift from Okawaru
 17239 | Lair:5   | Found a large runed translucent door.
 17290 | Lair:5   | Reached skill level 10 in Fighting
 17292 | Lair:5   | Found a large runed translucent door.
 17431 | Lair:5   | Acquired the +9 eveningstar of Wyrd {venom, Dex+3}
 17431 | Lair:5   | Received a gift from Okawaru
 17721 | Lair:5   | Received a gift from Okawaru
 17972 | D:12     | Found a staircase to the Orcish Mines.
 18019 | D:12     | Reached skill level 10 in Invocations
 18019 | D:12     | Gained mutation: You have a pair of horns on your head.
                  | [demonic ancestry]
 18019 | D:12     | Reached XP level 15. HP: 107/115 MP: 20/22
 19054 | Orc:1    | Entered Level 1 of the Orcish Mines
 19172 | Orc:2    | Entered Level 2 of the Orcish Mines
 19792 | Orc:1    | Found Geogymer's Assorted Antiques.
 19952 | Orc:2    | Noticed Urug
 19967 | Orc:2    | Killed Urug
 20023 | Orc:2    | Received a gift from Okawaru
 20059 | Orc:2    | Found Ejakk's Antique Weapon Boutique.
 20076 | Orc:2    | Found Kuxtoepala's Antique Armour Boutique.
 20085 | Orc:2    | Bought a pair of embroidered gloves for 262 gold pieces
 20185 | Orc:2    | Found Lech's General Store.
 20191 | Orc:2    | Bought a potion of heal wounds for 60 gold pieces
 20191 | Orc:2    | Bought a wand of light (2) for 100 gold pieces
 20191 | Orc:2    | Bought a wand of iceblast (7) for 201 gold pieces
 20191 | Orc:2    | Bought a potion of haste for 120 gold pieces
 20207 | Orc:2    | Found Nomilaon's Book Boutique.
 20229 | Orc:2    | Found a staircase to the Elven Halls.
 20296 | Orc:2    | Reached skill level 11 in Fighting
 20675 | Orc:1    | Found Uhuczozo's Weapon Emporium.
 20743 | Orc:1    | Noticed Yheicuty's ghost (adept DjCj)
 20746 | Orc:1    | Found a runed translucent door.
 20779 | Orc:1    | Killed Yheicuty's ghost
 21280 | D:14     | Reached XP level 16. HP: 117/125 MP: 23/23
 21577 | D:14     | Found a gate to the Vaults.
 21648 | D:14     | Received a gift from Okawaru
 22630 | Spider:1 | Entered Level 1 of the Spider Nest
 23461 | D:9      | Bought a scroll of blinking for 120 gold pieces
 23508 | D:9      | Bought a scroll of teleportation for 90 gold pieces
 23567 | D:9      | Bought a wand of iceblast (6) for 403 gold pieces
 23606 | D:9      | Bought a wand of mindburst (3) for 63 gold pieces
 24216 | Spider:2 | Reached skill level 10 in Evocations
 24265 | Spider:2 | Reached skill level 15 in Maces & Flails
 24486 | Spider:2 | Reached skill level 10 in Armour
 24493 | Spider:2 | Received a gift from Okawaru
 24738 | Spider:2 | Noticed Louise
 24753 | Spider:2 | Killed Louise
 24754 | Spider:2 | Reached skill level 12 in Fighting
 25769 | Spider:2 | Received a gift from Okawaru
 26223 | Spider:4 | Entered Level 4 of the Spider Nest
 26230 | Spider:4 | Paralysed by a jorogumo for 2 turns
 26887 | Spider:3 | Received a gift from Okawaru
 26921 | Spider:3 | Gained mutation: You have a pair of large horns on your
                  | head. [demonic ancestry]
 26921 | Spider:3 | Reached XP level 17. HP: 135/135 MP: 24/24
 27313 | Spider:3 | Reached skill level 13 in Fighting
 28223 | Spider:4 | Received a gift from Okawaru
 28985 | Spider:4 | Noticed Asterion
 29012 | Spider:4 | Killed Asterion
 29393 | Spider:4 | Identified the serpent talisman of Naidd {Int+4 Dex-4}
 29424 | Spider:4 | Got a gossamer rune of Zot
 29654 | Swamp:1  | Entered Level 1 of the Swamp
 29743 | Swamp:1  | Paralysed by a fenstrider witch for 2 turns
 29762 | Swamp:1  | Received a gift from Okawaru
 31506 | Swamp:3  | Received a gift from Okawaru
 31557 | Swamp:3  | Reached skill level 14 in Fighting
 31557 | Swamp:3  | Gained mutation: A weak demonic guardian rushes to your
                  | aid. [demonic ancestry]
 31557 | Swamp:3  | Reached XP level 18. HP: 116/146 MP: 26/26
 31988 | Swamp:4  | Entered Level 4 of the Swamp
 32318 | Swamp:4  | Received a gift from Okawaru
 32530 | Swamp:4  | Received a gift from Okawaru
 32650 | Swamp:4  | Noticed Roxanne
 32810 | Swamp:4  | Found a large runed translucent door.
 32811 | Swamp:4  | Found a large runed translucent door.
 32822 | Swamp:4  | Noticed Piask's ghost (adept FoAK)
 32982 | Swamp:4  | Killed Piask's ghost
 33080 | Swamp:4  | Got a decaying rune of Zot
 33341 | D:15     | Entered Level 15 of the Dungeon
 33487 | D:15     | Found an opulent altar of Gozag.
 33742 | D:15     | Found a staircase to the Depths.
 34084 | D:15     | Reached skill level 15 in Fighting
 34173 | D:15     | Noticed Rupert
 34182 | D:15     | Killed Rupert
 34703 | Depths:1 | Entered Level 1 of the Depths
 35051 | Depths:1 | Received a gift from Okawaru
 35196 | Abyss:3  | Cast into level 3 of the Abyss (an occultist)
 35210 | Depths:1 | Escaped the Abyss
 35238 | Depths:1 | Found a one-way gate to the infinite horrors of the Abyss.
 35284 | Depths:1 | Found a sparkling altar of Nemelex Xobeh.
 35538 | Depths:1 | Reached skill level 15 in Shields
 35552 | Depths:1 | Found a blossoming altar of Fedhas.
 35799 | Depths:1 | Gained mutation: You punish those that try to bend your
                  | will. (Will+) [demonic ancestry]
 35799 | Depths:1 | Reached XP level 19. HP: 81/157 MP: 28/28
 35982 | Depths:1 | Found Ahabirgh's Assorted Antiques.
 35982 | Depths:1 | Found Fytostas's Jewellery Emporium.
 35983 | Depths:1 | Found Ecsemaad's Weapon Shoppe.
 35983 | Depths:1 | Found Wonkyity's Antique Armour Emporium.
 35989 | Depths:1 | Found Puro's Weapon Shoppe.
 35989 | Depths:1 | Found Osira's Magic Scroll Emporium.
 36070 | Depths:1 | Bought a pair of distressingly furry gloves for 237 gold
                  | pieces
 36070 | Depths:1 | Identified the -1 pair of gloves "Sotiogid" {rN++} (You
                  | bought it in a shop on level 1 of the Depths)
 36147 | Depths:1 | Bought a potion of berserk rage for 125 gold pieces
 36197 | Depths:1 | Found Quohaam's One-of-a-Kind Books.
 36297 | Depths:1 | Found a gateway to Hell.
 36658 | Depths:2 | Received a gift from Okawaru
 36761 | Depths:2 | Found a one-way gate leading to the halls of Pandemonium.
 37049 | Depths:2 | Reached skill level 16 in Fighting
 37544 | Depths:2 | Found a runed translucent gate.
 37544 | Depths:2 | Found a runed translucent gate.
 37561 | Depths:2 | Received a gift from Okawaru
 37965 | Depths:2 | Identified the +9 dagger of Causality {protect, Int+4}
 37995 | Depths:2 | Found Gotut's Book Emporium.
 37996 | Depths:2 | Found Myfraalu's Jewellery Shop.
 37996 | Depths:2 | Found Cuguwow's Jewellery Shop.
 38088 | Depths:2 | Found a burning altar of Makhleb.
 38269 | Depths:2 | Noticed a dread lich
 38269 | Depths:2 | Noticed Nicoed's ghost (adept GrFi)
 38270 | Depths:2 | Found an ancient bone altar of Kikubaaqudgha.
 38270 | Depths:2 | Noticed an ancient lich
 38270 | Depths:2 | Noticed Nicoed's ghost (adept GrFi)
 38271 | Depths:2 | Found a runed translucent gate.
 39053 | D:9      | Bought a ring of resist corrosion for 280 gold pieces
 39577 | Slime:1  | Entered Level 1 of the Pits of Slime
 39860 | Slime:2  | Paralysed by a formless jellyfish for 1 turns
 39988 | Slime:2  | Paralysed by a formless jellyfish for 1 turns
 40133 | Slime:2  | Received a gift from Okawaru
 40134 | Slime:2  | Reached skill level 17 in Fighting
 40313 | Slime:1  | Gained mutation: You occasionally lose the ability to drink
                  | potions when taking damage. [a shining eye]
 40321 | Slime:1  | Gained mutation: You are occasionally teleported next to
                  | monsters. [a shining eye]
 40352 | Slime:1  | Gained mutation: Your movements are slightly less
                  | encumbered by armour. (ER -2) [a shining eye]
 40878 | Vaults:1 | Entered Level 1 of the Vaults
 41225 | Vaults:1 | Received a gift from Okawaru
 41233 | Vaults:1 | Reached skill level 15 in Armour
 41320 | Vaults:1 | Found Hizoozed's Book Emporium.
 41541 | Vaults:1 | Gained mutation: A demonic guardian rushes to your aid.
                  | [demonic ancestry]
 41541 | Vaults:1 | Reached XP level 20. HP: 161/168 MP: 29/29
 41908 | Vaults:1 | Identified the +6 scale mail "Bismosch" {Rampage Will- MP+9
                  | SInv}
 42325 | Vaults:2 | Noticed Mennas
 42920 | Vaults:2 | Lost mutation: Your movements are slightly less encumbered
                  | by armour. (ER -2) [potion of mutation]
 42920 | Vaults:2 | Lost mutation: You occasionally lose the ability to drink
                  | potions when taking damage. [potion of mutation]
 42920 | Vaults:2 | Lost mutation: You are occasionally teleported next to
                  | monsters. [potion of mutation]
 42920 | Vaults:2 | Gained mutation: You possess an exceptional clarity of
                  | mind. [potion of mutation]
 42920 | Vaults:2 | Gained mutation: You occasionally shout uncontrollably at
                  | your foes. [potion of mutation]
 42920 | Vaults:2 | Gained mutation: You are strong-willed. (Will+) [potion of
                  | mutation]
 43026 | Vaults:2 | Received a gift from Okawaru
 43030 | Vaults:2 | Reached skill level 18 in Fighting
 43175 | Vaults:2 | Killed Mennas
 43601 | Vaults:2 | Noticed Bai Suzhen
 43624 | Vaults:2 | Killed Bai Suzhen
 43942 | Vaults:2 | Noticed Jory
 43959 | Vaults:2 | Killed Jory
 43959 | Vaults:2 | Received a gift from Okawaru
 44564 | Vaults:3 | You fall into a shaft and drop 1 floor!
 44666 | Vaults:4 | Found Vaquywn's Weapon Emporium.
 44879 | Vaults:3 | Found a staircase to the Crypt.
 44889 | Vaults:3 | Reached skill level 15 in Evocations
 45335 | Vaults:3 | Found Giocrele's Weapon Shop.
 45579 | Vaults:3 | Received a gift from Okawaru
 45690 | Vaults:3 | Reached XP level 21. HP: 177/177 MP: 30/30
 45874 | Vaults:3 | Found Joffaaff's General Store.
 45889 | Vaults:3 | Bought a potion of haste for 130 gold pieces
 45889 | Vaults:3 | Bought a potion of heal wounds for 65 gold pieces
 45889 | Vaults:3 | Bought a scroll of enchant weapon for 97 gold pieces
 45981 | Vaults:3 | Found Ysigief's General Store.
 46102 | Vaults:3 | Found Fove's Jewellery Shop.
 46318 | Vaults:4 | Paralysed by a formless jellyfish for 1 turns
 46381 | Vaults:4 | Received a gift from Okawaru
 46432 | Vaults:4 | Reached skill level 10 in Throwing
 46981 | Vaults:5 | Entered Level 5 of the Vaults
 46982 | Vaults:5 | Noticed an ancient lich
 47201 | Depths:3 | Received a gift from Okawaru
 47239 | Depths:3 | Noticed Grunn
 47275 | Depths:3 | Noticed a golden dragon
 47281 | Depths:4 | Entered Level 4 of the Depths
 47335 | Depths:3 | HP: 8/177 [???[a doom hound] (12)]
 47402 | Depths:3 | Identified the +0 robe of Zin's Brutal Revenge {rElec rCorr
                  | Stlth- Archmagi}
 47424 | Depths:3 | Killed from afar by a frost giant

Illustrated notes

Levels and vault maps discovered:
D:1:      dpeg_arrival_tiny_c, layout_basic, minmay_unequal
D:2:      layout_rooms, shapermc_ecumenical_altar_ellora
D:3:      layout_basic, okawaru_trees_1, gammafunk_ghost_stat_death
D:4:      layout_basic, minmay_shop_mayhem
D:5:      layout_basic, minmay_temple_entry_crystal_x,
          mainiacjoe_sewer_entry_somewhere_in_here_1, gammafunk_ghost_arena,
          uniq_blork_the_orc, uniq_prince_ribbit1
D:6:      nicolae_cairo_tiling, layout_loops_ring, uniq_grinder
D:7:      layout_gridville, serial_shops, shop, enter_bailey_2
D:8:      layout_gridville, old_standard_altar
D:9:      layout_roguey, mainiacjoe_overflow_big_doors, serial_shops,
          nicolae_shop_statue_plus, shop, shop, shop, nicolae_specific_store,
          grunt_ministairs_11
D:10:     layout_layer_cave, general_overflow_altar, uniq_harold
D:11:     layout_irregular_city, due_lair_maze_entry_diamond,
          serial_column_ruins, column_ruins_temple_hut, column_ruins_grid_2,
          column_ruins_open_tiny_water, column_ruins_columns_straight,
          column_ruins_open_small, column_ruins_columns_dead_end, uniq_sonja
D:12:     layout_rooms, minmay_orc_entry_temple_small
D:13:     layout_roguey, nicolae_tso_carved_into_rock
D:14:     layout_grid_maze, david_vaults_1, kennysheep_another_room
D:15:     gammafunk_depths_entry_grave, layout_loops_corners,
          grunt_gozag_breadcrumbs, grunt_ministairs_12, uniq_rupert
Lair:1:   layout_cave_pods, gauntlet_entry_generic,
          nicolae_quartered_pool_super, grunt_forest_stairs_basic,
          lemuel_oklob_altar
Lair:2:   layout_cave_pods, spider_nest_entry_funnel_web,
          grunt_forest_large_clearings, infiniplex_staircase_pool
Lair:3:   layout_chaotic_city, nicolae_swamp_entry_spooky
Lair:4:   layout_loops_ring, grunt_megastairs_4
Lair:5:   cheibrodos_lair_end_hotspot, layout_cave_pods, slime_entry_2,
          gammafunk_lair_bear_cave
Swamp:1:  layout_basic_swamp, serial_swamp_ruin, evilmike_swamp_ruin_rubble_1,
          hangedman_swamp_ruin_wall, evilmike_swamp_ruin_rubble_2,
          nicolae_swamp_wisp_ring_woods
Swamp:2:  layout_basic_swamp, hangedman_swamp_blocks
Swamp:3:  layout_falls_marsh, evilmike_swamp_ruin_house_2
Swamp:4:  swamp_fiery, layout_basic_swamp, ebering_ghost_disaster_area,
          swamp_pool_1_2, uniq_roxanne
Spider:1: layout_spider_delve
Spider:2: layout_chambers, uniq_louise
Spider:3: layout_spider_delve, nicolae_spider_spiderdrome
Spider:4: grunt_spider_rune_parallel, nicolae_spider_twisty_arc_passages,
          uniq_asterion
Slime:1:  layout_caves
Slime:2:  layout_caves
Orc:1:    layout_caves, serial_shops, nicolae_shop_behind_doors,
          nicolae_shop_stone, hellmonk_ghost_happy_afterlife,
          dreamdust_deal_with_the_devil
Orc:2:    grunt_orc_cross, layout_caves
Vaults:1: hangedman_vaults_stagger, nicolae_vaults_closet_pinwheel_4,
          vaults_room_pool, nicolae_vaults_lightning_bolt,
          nicolae_vaults_wine_cellar, nicolae_vaults_little_squares_4,
          nicolae_vaults_trapezoid_2, nicolae_vaults_tetromino_Z_2,
          layout_vaults_omnigrid, serial_shops, shop
Vaults:2: nicolae_vaults_quadrants, nicolae_vaults_closet_pinwheel_5,
          nicolae_vaults_tetromino_T_2, vaults_dpeg_ring, nicolae_vaults_swerve,
          nicolae_vaults_variable_pillar_hall, nicolae_vaults_double_plus_1,
          vaults_room_octagon, nicolae_vaults_hallways_thing, vaults_dpeg_cross,
          vaults_room_door_hall, nicolae_vaults_network_s,
          nicolae_vaults_bisected_exclaves, nicolae_vaults_trapezoid_lopsided_3,
          nicolae_vaults_closet_pinwheel_1, grunt_vaults_hallway_long,
          nicolae_vaults_diamond_2, layout_vaults_omnibox, uniq_mennas,
          uniq_jory, uniq_bai_suzhen
Vaults:3: nicolae_vaults_border_crossing, kb_rosetta,
          vaults_mumra_minichess_inversion, nicolae_vaults_network_quinsquares
          [nicolae_vaults_network_quincunx_subvault,
          nicolae_vaults_network_quincunx_subvault,
          nicolae_vaults_network_quincunx_subvault,
          nicolae_vaults_network_quincunx_subvault], v_misc_28,
          ontoclasm_vaults_pinch, v_pattern_4, vaults_room_ringed_pool,
          nicolae_vaults_little_squares_4, ontoclasm_vaults_claustrophobia,
          ontoclasm_vaults_misaligned, nicolae_vaults_diamond_2,
          nicolae_vaults_tangram_1, vaults_room_fancy_cross,
          minmay_crypt_entry_simple_round, dpeg_vaults_monster_row,
          vaults_dpeg_diagonal, nicolae_vaults_apartment_1,
          layout_vaults_maze_bifur, serial_shops, nicolae_shop_crystal, shop,
          shop, nicolae_shop_pleasant_corner_grove
Vaults:4: nicolae_vaults_enemy_cabinets, hangedman_vaults_river_flow,
          nicolae_vaults_trapezoid_lopsided_1, nicolae_vaults_frosty_reception,
          v_alt_pattern_1, nicolae_vaults_layer_cake_slice, vaults_room_corners,
          nicolae_vaults_two_Ls, nicolae_vaults_little_squares_6,
          nicolae_vaults_tetromino_Z_2, layout_vaults_big_room, serial_shops,
          shop
Vaults:5: uniq_boris
Depths:1: layout_gridlike, fedhas_altar_fruit_tree, hell_entry,
          nicolae_abyss_entry_one_way_or_another,
          hangedman_decor_diamond_cutter, eino_small_chamber_without_monster,
          nicolae_rare_books, kennysheep_small_spiral, minivault_16,
          nicolae_shop_national_dungeon_mall, grunt_ministairs_6, st_stairs_14,
          nemelex_spade_bored_becter, serial_bayou_shore_b
Depths:2: hangedman_cross_stitches, layout_gridlike, pan_entry,
          lightli_too_deep, gammafunk_ghost_crypt, nrook_uturn,
          hangedman_abyss_entry_splay, minmay_tree_intersection,
          makhleb_altar_promises_db, serial_bayou_shore_b, minmay_shop_grove,
          serial_bayou_shore_b, minmay_staircase_bubble
Depths:3: minmay_swirls_squares, layout_gridville,
          nicolae_elyvilon_peaceful_grove, pf_hell_entry_tar_spiral,
          grunt_pan_entry_zigzag, abyss_entry,
          minmay_the_grid_square_5x5_3x3_mashed [minmay_the_grid_square_5x5_n,
          minmay_the_grid_square_5x5_n_small, minmay_the_grid_square_5x5_corner,
          minmay_the_grid_square_5x5_tri_point,
          minmay_the_grid_square_5x5_megaprize_open,
          minmay_the_grid_square_5x5_three_small,
          minmay_the_grid_square_5x5_longway,
          minmay_the_grid_square_5x5_misaligned,
          minmay_the_grid_square_5x5_six_small], uniq_grunn
Depths:4: grunt_zot_entry_gee_three, layout_cave_shapes, enter_ziggurat_a,
          abandoned_shop, serial_shops, statue_bzr, hell_entry

Skill      XL: |  1  2  3  4  5  6  7  8  9 10 11 12 13 14 15 16 17 18 19 20 21 |
---------------+----------------------------------------------------------------+-----
Fighting       | 2 3 5 6 7 8 9 10 11 12 14 15 17 18 | 18.0
Dodging        | 1 |  1.0
Armour         | 2 4 5 6 8 9 10 13 14 15 16 17 | 17.9
Shields        | 1 2 3 4 8 12 13 14 15 16 | 16.0
Maces & Flails | 1 2 3 4 5 6 7 10 12 13 14 15 | 15.8
Invocations    | 1 3 5 6 8 10 11 13 | 13.0
Evocations     | 4 5 6 7 8 9 11 12 13 15 | 15.0
Axes           | 2 3 |  3.1
Throwing       | 5 7 10 | 10.6
Stealth        | |  0.8

Action                     |  1- 3 |  4- 6 |  7- 9 | 10-12 | 13-15 | 16-18 | 19-21 || total
---------------------------+-------+-------+-------+-------+-------+-------+-------++-------
  Melee: Flail             |   120 |    20 |       |       |       |       |       ||   140
         Club              |    26 |       |       |       |       |       |       ||    26
         Mace              |       |   119 |   224 |       |       |       |       ||   343
         Headbutt          |       |    20 |    49 |    97 |   214 |   400 |   482 ||  1262
         Broad axe         |       |       |    20 |    31 |       |       |       ||    51
         Morningstar       |       |       |       |   479 |   781 |  1480 |  1504 ||  4244
         War axe           |       |       |       |       |     9 |     5 |       ||    14
  Throw: Javelin           |       |       |       |       |    15 |   107 |    81 ||   203
         Throwing net      |       |       |       |       |       |       |     1 ||     1
 Invoke: Heroism           |       |       |     7 |    22 |    10 |    18 |    16 ||    73
         Finesse           |       |       |       |     4 |     1 |     2 |     4 ||    11
         Receive Armour    |       |       |       |       |     1 |       |       ||     1
         Receive Weapon    |       |       |       |       |     1 |       |       ||     1
  Evoke: Wand              |     3 |     6 |    11 |     2 |     2 |     4 |       ||    28
         Condenser vane    |       |       |       |       |       |       |     2 ||     2
    Use: Scroll            |     4 |     2 |     4 |    11 |     7 |     4 |     8 ||    40
         Potion            |       |     1 |     1 |     3 |     2 |     2 |    14 ||    23
   Stab: Sleeping          |     2 |       |       |       |       |       |       ||     2
         Invisible         |       |       |       |       |       |     2 |       ||     2
         Held in net/web   |       |       |       |       |       |       |     2 ||     2
 Armour: Leather armour    |    93 |    80 |    13 |       |       |       |       ||   186
         Troll leather arm |       |       |    64 |       |       |       |       ||    64
         Skin              |       |       |     8 |       |       |       |       ||     8
         Chain mail        |       |       |    77 |    96 |       |       |       ||   173
         Ring mail         |       |       |       |   356 |       |       |       ||   356
         Crystal plate arm |       |       |       |     2 |   637 |  1597 |  1293 ||  3529
  Dodge: Dodged            |    63 |    51 |    55 |   210 |   150 |   361 |   348 ||  1238
         Repelled          |       |       |       |       |       |     7 |    12 ||    19
  Block: Kite shield       |    76 |    82 |    96 |   332 |   554 |  1257 |   640 ||  3037
         Tower shield      |       |       |       |       |       |       |   692 ||   692
